 Dungeon Crawl Stone Soup version 0.29.1-15-g9cfb28693d (console) character file.

Game seed: 3397034000799392901

3946 om the Grappler (level 10, -4/100 HPs)
             Began as a Troll Berserker on Apr 28, 2023.
             Was a High Priest of Trog.
             Succumbed to a water moccasin's poison
             ... on level 9 of the Dungeon.
             The game lasted 00:10:15 (6290 turns).

om the Grappler (Troll Berserker)                   Turns: 6290, Time: 00:10:15

Health: -4/100     AC:  8    Str: 29    XL:     10   Next: 2%
Magic:  9/9        EV: 11    Int:  3    God:    Trog [*****.]
Gold:   555        SH:  0    Dex: 11    Spells: 9/9 levels left

rFire   . . .      SeeInvis .     - Unarmed
rCold   . . .      Faith    .   (no shield)
rNeg    . . .      Spirit   .   v - +2 robe {Will+}
rPois   .          Reflect  .   g - +1 hat
rElec   .          Harm     .   a - +0 cloak
rCorr   .          Rampage  .   (gloves unavailable)
Will    +++..                   (boots unavailable)
Stlth   +.........              (no amulet)
HPRegen 2.06/turn               (no ring)
MPRegen 0.11/turn               (no ring)

@: lethally poisoned (-4 -> -16), strong-willed, on berserk cooldown,
regenerating, slowed, very slow
A: large, unfitting armour, claws 3, regeneration 1, shaggy fur 1, tough skin 1
a: Renounce Religion, Berserk, Trog's Hand, Brothers in Arms


You were on level 9 of the Dungeon.
You worshipped Trog.
Trog was extremely pleased with you.
You visited 1 branch of the dungeon, and saw 9 of its levels.
You also visited: Sewer.

You collected 555 gold pieces.

Inventory:

Hand Weapons
 z - a +3 morningstar
Missiles
 y - 2 throwing nets (quivered)
Armour
 a - a +0 cloak (worn)
 g - a +1 hat (worn)
 v - a +2 robe of willpower (worn)
Wands
 r - a wand of paralysis (7)
 s - a wand of flame (19)
Scrolls
 d - 2 scrolls of amnesia {unknown}
 f - a scroll of identify
 h - 2 scrolls of poison
 i - a scroll of blinking {unknown}
 k - a scroll of summoning {unknown}
 m - a scroll of enchant armour {unknown}
 n - a scroll of vulnerability
 o - a scroll of fear {unknown}
 t - a scroll of silence {unknown}
 u - a scroll of brand weapon {unknown}
Potions
 b - a potion of cancellation {unknown}
 c - 6 potions of might
 e - a potion of heal wounds
 j - 3 potions of curing
 l - a potion of flight
 p - a potion of haste
 q - a potion of lignification
 x - a potion of ambrosia {unknown}


   Skills:
 + Level 6.9 Fighting
 - Level 6.0 Dodging
 + Level 9.0 Unarmed Combat
 * Level 4.3 Evocations


You had 9 spell levels left.
You didn't know any spells.
Your spell library was empty.

Dungeon Overview and Level Annotations

Branches:
Dungeon (9/15)             Temple (0/1) D:4            Lair (0/5) D:8
  Sewer (visited)
    Orc: D:9-12

Altars:
Makhleb
Qazlal
Trog
Yredelemnul
Zin


Innate Abilities, Weirdness & Mutations

You are too large for most types of armour.
You have claws for hands.
Your natural rate of healing is unusually fast.
You are covered in fur. (AC +1)
You have tough skin. (AC +1)


Message History

You claw the molten gargoyle!
The molten gargoyle is moderately damaged.
The molten gargoyle blasts magma at you!
The bolt of magma hits you!! The water moccasin bites you.
You are poisoned.
The water moccasin poisons you!
You feel much better.
You feel very sick.
The water moccasin bites you but does no damage.
The molten gargoyle hits you but does no damage.
The water moccasin bites you.
You are more poisoned.
The water moccasin poisons you!
Okay, then.
You feel extremely sick. The water moccasin misses you.
The water moccasin completely misses you.
The molten gargoyle hits you with a +0 mace!!
* * * LOW HITPOINT WARNING * * *
You are engulfed in flames!
* * * LOW HITPOINT WARNING * * *
You feel much better.
You feel very sick.
The water moccasin bites you but does no damage.
The molten gargoyle hits you with a +0 mace!
You are engulfed in flames!
* * * LOW HITPOINT WARNING * * *
The water moccasin barely misses you.
Okay, then.
The molten gargoyle attacks as you move away!
The molten gargoyle hits you with a +0 mace!
* * * LOW HITPOINT WARNING * * *
You are engulfed in flames!
* * * LOW HITPOINT WARNING * * *
The water moccasin attacks as you move away!
The water moccasin bites you.
* * * LOW HITPOINT WARNING * * *
You are more poisoned.
The water moccasin poisons you!
You die...

#.###.#.#......... #)#
##.##.....#### #.#
####.....# #.# ###+#######
###.# ##...###.. # ....#
##.....##.# .# .##.##
##......:#.# .#.#.
.#...####..........##.#...
........+.......@....#..
.#...####.........S##.#
.##.## ##.....).#99)#
)#### ##.....####..# )####
##...## ##.§§ ....# ##'##
.§§≈ .##.## #)# .≈. .....#
#####.### .# ###..#
#.......# .


You could see 2 molten gargoyles and a water moccasin.

Vanquished Creatures
  2 molten gargoyles (D:9)
  A wyvern (D:8)
  A steam dragon (D:8)
  4 water moccasins
  An orc warrior (D:7)
  A black bear (D:5)
  A sky beast (D:7)
  2 centaurs
  A phantom (D:7)
  A kobold brigand (D:7)
  2 bullfrogs (D:7)
  2 necrophages (D:7)
  A gnoll sergeant (D:9)
  6 scorpions
  6 wights
  A killer bee (D:7)
  3 howler monkeys
  4 hounds
  4 orc priests
  2 gnoll boudas
  2 iguanas
  3 orc wizards
  16 gnolls
  15 adders
  A river rat (Sewer)
  A white imp (D:8)
  3 worms (D:2)
  6 dart slugs
  28 orcs
  4 bats
  13 endoplasms
  5 giant cockroaches
  10 goblins
  9 hobgoblins
  9 jackals
  5 quokkas
  12 ball pythons
  8 frilled lizards
  4 kobolds
  10 rats
210 creatures vanquished.

Vanquished Creatures (others)
  3 orcs (D:8)
  3 plants (D:6)
6 creatures vanquished.

Grand Total: 216 creatures vanquished

Notes
Turn   | Place    | Note
-------+----------+-------------------------------------------
     0 | D:1      | om the Troll Berserker began the quest for the Orb.
     0 | D:1      | Reached XP level 1. HP: 22/22 MP: 0/0
     3 | D:1      | Noticed an electric eel
     8 | D:1      | Noticed an electric eel
   106 | D:1      | Reached XP level 2. HP: 23/29 MP: 1/1
   377 | D:1      | You fall into a shaft and drop 1 floor!
   589 | D:1      | Found a faded altar of an unknown god.
   594 | D:1      | Reached XP level 3. HP: 36/36 MP: 2/2
   633 | D:1      | Reached ** piety under Trog
   747 | D:2      | Reached skill level 4 in Unarmed Combat
   747 | D:2      | Reached XP level 4. HP: 30/44 MP: 3/3
  1206 | D:2      | Reached XP level 5. HP: 53/53 MP: 4/4
  1391 | D:3      | Found a glowing drain.
  1424 | Sewer    | Entered a sewer
  1435 | Sewer    | Reached *** piety under Trog
  1436 | Sewer    | Reached skill level 5 in Unarmed Combat
  2120 | D:3      | Reached XP level 6. HP: 61/61 MP: 5/5
  2705 | D:4      | Reached skill level 6 in Unarmed Combat
  2833 | D:4      | Found a staircase to the Ecumenical Temple.
  2840 | D:4      | Reached **** piety under Trog
  2943 | D:4      | Reached XP level 7. HP: 39/67 MP: 6/6
  3226 | D:4      | Found a burning altar of Makhleb.
  3698 | D:5      | Entered Level 5 of the Dungeon
  3807 | D:5      | Reached skill level 7 in Unarmed Combat
  3859 | D:5      | Found a stormy altar of Qazlal.
  4168 | D:5      | Found a glowing silver altar of Zin.
  4218 | D:5      | Reached XP level 8. HP: 78/78 MP: 7/7
  4789 | D:7      | Reached skill level 8 in Unarmed Combat
  4793 | D:7      | Reached skill level 5 in Dodging
  4893 | D:7      | Reached skill level 5 in Fighting
  4934 | D:7      | Reached XP level 9. HP: 85/89 MP: 8/8
  4989 | D:7      | Reached skill level 1 in Evocations
  5584 | D:8      | Reached ***** piety under Trog
  5600 | D:8      | Found a staircase to the Lair.
  5731 | D:8      | Found a basalt altar of Yredelemnul.
  5807 | D:8      | Found a bloodstained altar of Trog.
  6271 | D:9      | Noticed a molten gargoyle
  6273 | D:9      | Noticed a molten gargoyle
  6277 | D:9      | Killed a molten gargoyle
  6278 | D:9      | Reached skill level 9 in Unarmed Combat
  6278 | D:9      | Noticed a molten gargoyle
  6284 | D:9      | Noticed a molten gargoyle
  6284 | D:9      | Killed a molten gargoyle
  6285 | D:9      | Reached XP level 10. HP: 74/100 MP: 9/9
  6290 | D:9      | HP: 5/100 [molten gargoyle/+0 mace (11)]
  6290 | D:9      | HP: 2/100 [water moccasin (3)]
  6290 | D:9      | Succumbed to a water moccasin's poison

Illustrated notes

Levels and vault maps discovered:
D:1:      arrival_aquarium_b, layout_loops_ring,
          hellmonk_ecumenical_altar_inner_sanctum, minmay_3d_cube
D:2:      cheibrodos_pilgrimage, layout_basic, grunt_ministairs_14
D:3:      layout_loops_ring, gup_sewer_entry_glass, minmay_goblin_kobold_house
D:4:      layout_loops_corners, bloody_makhleb, minmay_temple_entry_glass
D:5:      layout_loops_ring, mainiacjoe_overflow_small_starburst,
          mainiacjoe_overflow_surrounded_room
D:6:      wad_lake_hut, layout_cave_pools, lemuel_zombie_altar_kikubaaqudgha,
          mainiacjoe_overflow_tiny_flanked, uniq_sigmund
D:7:      layout_basic, grunt_ministairs_6, minmay_bent
D:8:      layout_loops_ring, trog_three_pillars_becter,
          mainiacjoe_overflow_alcove_1
D:9:      layout_loops_corners, xom_shifter_show, grunt_temple_overflow_open,
          erik_orc_4, minivault_8, uniq_harold

Skill      XL: |  1  2  3  4  5  6  7  8  9 |
---------------+----------------------------+-----
Unarmed Combat | 4 5 6 7 8 9 |  9.0
Fighting       | 3 5 6 |  6.9
Dodging        | 3 4 6 |  6.0
Evocations     | 4 |  4.3

Action                   |  1- 3 |  4- 6 |  7- 9 | 10-12 || total
-------------------------+-------+-------+-------+-------++-------
Melee: Unarmed           |    73 |   221 |   249 |     1 ||   544
       Punch             |     2 |     9 |    11 |       ||    22
Invok: Berserk           |       |       |     1 |       ||     1
       Trog's Hand       |       |       |     1 |       ||     1
  Use: Scroll            |       |     6 |     5 |       ||    11
       Potion            |       |       |       |     2 ||     2
 Stab: Sleeping          |       |     1 |     2 |       ||     3
Armor: Animal skin       |    32 |    67 |    22 |       ||   121
       Robe              |       |       |    51 |     3 ||    54
Dodge: Dodged            |    42 |   118 |   114 |     3 ||   277
